AoeStats
← ryu

Scandinavia

510928173Analyzed
1v1 RM · 16h ago on Oct 3, 2026· 22m 16s· 2 players
Game mode
Random Map
Map size
Tiny (2 player)
Population
200
Speed
Normal
Resources
Standard
Victory
Conquest
Starting age
Dark Age
Ending age
Imperial Age
RankedLock teamsTeams togetherTeam positionsShared explorationLock speedFull tech treeHidden civsTurbo modeCheats
Victory
Defeat
🇲🇽 Koreans · Mexico
1350
+18
🇺🇸 Japanese · United States
1386
-18
Mataii
7:23 Loom
9:45 Feudal Age
10:27 Double-Bit Axe
15:28 Fletching
20:52 Castle Age
19:26 Horse Collar
21:30 Bodkin Arrow
21:30 Town Watch
ryu
8:54 Feudal Age
9:01 Man-at-Arms
9:29 Double-Bit Axe
10:29 Arson
11:53 Loom
12:35 Scale Mail Armor
19:58 Castle Age
19:08 Horse Collar
19:19 Town Watch
20:20 Fletching
20:30 Padded Archer Armor
21:08 Bodkin Arrow
21:55 Elite Skirmisher
Connection lost

Rejoining the realm…

Still unreachable

The connection could not be restored.

Session expired

The server has moved on; the page needs a fresh start.